 Dungeon Crawl Stone Soup version 0.29.1-12-g30fa7ad0bf (webtiles) character file.

Game seed: 4860901681632915953

14931 MisterFreud the Unseen (level 11, -8/57 HPs)
             Began as a Felid Berserker on Dec 27, 2022.
             Was a High Priest of Trog.
             Mangled by a komodo dragon (10 damage)
             ... on level 2 of the Lair of Beasts.
             The game lasted 00:18:33 (17391 turns).

MisterFreud the Unseen (Felid Berserker)           Turns: 17391, Time: 00:18:33

Health: -8/57      AC:  2    Str: 19    XL:     11   Next: 95%
Magic:  12/12      EV: 27    Int: 10    God:    Trog [*****.]
Gold:   475        SH:  0    Dex: 19    Spells: 10/10 levels left
                                        Lives:  0   Deaths: 3

rFire   + . .      SeeInvis +     - Unarmed
rCold   . . .      Faith    +   (shield unavailable)
rNeg    . . .      Spirit   .   (body armour unavailable)
rPois   .          Reflect  .   (helmet unavailable)
rElec   .          Harm     .   (cloak unavailable)
rCorr   .          Rampage  .   (gloves unavailable)
Will    +....                   (boots unavailable)
Stlth   ++++++....              p - amulet of faith
HPRegen 0.19/turn               e - +6 ring of strength
MPRegen 0.13/turn               l - ring of protection from fire

@: about to teleport, on berserk cooldown, slowed, studying Stealth, slow
A: very small, claws 1, fangs 3, see invisible, speed 1, shaggy fur 2, stealthy
paws, no weapons or thrown items, no armour, multi-lived
a: Renounce Religion, Berserk, Trog's Hand, Brothers in Arms


You were on level 2 of the Lair of Beasts.
You worshipped Trog.
Trog was extremely pleased with you.
You visited 2 branches of the dungeon, and saw 17 of its levels.

You collected 921 gold pieces.
You spent 446 gold pieces at shops.

Inventory:

Jewellery
 c - an amulet of reflection
 e - a +6 ring of strength (left paw)
 l - a ring of protection from fire (right paw)
 p - an amulet of faith (around neck)
 C - a +6 ring of dexterity
Wands
 q - a wand of acid (8)
 r - a wand of paralysis (5)
 x - a wand of polymorph (17)
 y - a wand of flame (21)
 F - a wand of roots (9)
Scrolls
 d - a scroll of butterflies
 n - 3 scrolls of magic mapping
 o - 2 scrolls of fear
 A - 7 scrolls of teleportation
 B - a scroll of summoning
Potions
 a - 7 potions of lignification
 b - a potion of ambrosia {unknown}
 f - 3 potions of degeneration
 g - 4 potions of invisibility
 h - 2 potions of resistance
 i - 8 potions of might
 j - 4 potions of heal wounds
 k - a potion of flight {unknown}
 m - 2 potions of mutation
 s - 4 potions of magic
 t - 2 potions of berserk rage
 u - 2 potions of attraction
 v - a potion of haste {unknown}
 w - 5 potions of curing
 z - 2 potions of brilliance {unknown}
Miscellaneous
 D - a box of beasts
 E - a lightning rod (4/4)


   Skills:
 - Level 12.0 Fighting
 + Level 12.2 Dodging
 - Level 15.0 Stealth
 - Level 12.0 Unarmed Combat
 + Level 8.6 Evocations


You had 10 spell levels left.
You didn't know any spells.
Your spell library was empty.

Dungeon Overview and Level Annotations

Branches:
Dungeon (13/15)            Temple (0/1) D:4            Lair (4/5) D:11
  Swamp (0/4) Lair:2          Orc (0/2) D:12
  Snake: Lair:2-3    Spider: Lair:2-3     Slime: Lair:4-5    Vaults: D:13-14

Altars:
Cheibriados
Elyvilon
Fedhas
Hepliaklqana
Nemelex Xobeh
Okawaru
Qazlal
Trog
Uskayaw
Wu Jian
Zin
The Shining One

Shops:
D:6 *   D:11 [**

Annotations:
D:5 3 runed translucent doors, gargbit's ghost, novice OpFi
Lair:2 2 transporters, Skuilla's ghost, journeyman MiBe


Innate Abilities, Weirdness & Mutations

You have sharp claws.
You have razor-sharp teeth.
You have supernaturally acute eyesight. (SInv)
You cover ground quickly. (Speed+)
You are covered in thick fur. (AC +2)
Your paws help you pounce on unaware monsters.
You are incapable of wielding weapons or throwing items.
You cannot wear armour.
You gain extra lives every three experience levels.


Message History

The bullfrog completely misses you.
You hear an angry buzzing noise.
You mangle the bullfrog!!
You kill the bullfrog!
Trog accepts your kill.
The komodo dragon hisses angrily.
The yak bellows! x2
The black bear growls angrily.
The hornet buzzes angrily.
You see here a hornet corpse.
You mangle the lindwurm!!
The lindwurm is heavily wounded.
The lindwurm closely misses you. The lindwurm claws you!
The lindwurm misses you.
You scratch the lindwurm.
You bite the lindwurm, but do no damage.
The lindwurm is heavily wounded.
The komodo dragon bites you!!
* * * LOW HITPOINT WARNING * * *
You claw the lindwurm!
The lindwurm is almost dead.
You claw the lindwurm!
You feel the power of Trog in you as your rage grows.
You kill the lindwurm!
Trog accepts your kill.
The komodo dragon completely misses you.
You closely miss the komodo dragon. Your bite misses the komodo dragon.
The yak barely misses you.
You closely miss the komodo dragon. The komodo dragon bites you!!
* * * LOW HITPOINT WARNING * * *
You feel a strong urge to attack something.
You are no longer berserk.
You are exhausted.
You feel yourself slow down.
As you read the scroll of fear, it crumbles to dust.
You assume a fearsome visage.
The yak looks frightened!
The hornet looks frightened!
As you read the scroll of teleportation, it crumbles to dust.
You feel strangely unstable.
The komodo dragon attacks as you move away!
The komodo dragon bites you!
You die...

......................###
......###+++###.........##
#######8P....♣#######....####...
# #........♣#...♣#[...[D.....
#<........'....#........... #
#...~~P...÷....#........... #
♣P.~~~~~.♣#....#.#.##...... #
##########♣#''##...# #....# #
~~~~~~.♣@..♣♣.... #..## #
..P~~~~..#l..♣♣.... #.# #
+..♣.....h#h..♣#... ## #
#.......Yh♣Y..~# #
#P...⌠...l♣h.~~# ♣ ♣.y††..~~# ♣
.........~~~# # ...♣.~~~~~~~# #
. ..~~~#Y~~8#


You could see a komodo dragon, a yak and 2 black bears.

Vanquished Creatures
  2 hydras
  A two-headed ogre (D:9)
  Nergalle (D:10)
  A lindwurm (Lair:2)
  Pikel (D:4)
  An ugly thing (D:12)
  A black mamba (Lair:2)
  Maurice (D:8)
  4 cane toads
  An unseen horror (D:11)
  Maggie (D:8)
  A rime drake (Lair:2)
  A kobold demonologist (D:9)
  4 komodo dragons
  4 trolls
  Grinder (D:5)
  2 hornets
  8 slime creatures (D:12)
  10 blink frogs
  Sigmund (D:6)
  A shadow (D:12)
  3 wraiths
  4 basilisks
  21 yaks
  Grum (D:11)
  2 wyverns
  2 steam dragons
  Edmund (D:4)
  3 acid dragons
  5 water moccasins
  Duvessa (D:4)
  3 orc warriors
  An ice beast (D:7)
  3 black bears
  5 wolves
  4 centaurs
  4 phantoms
  2 kobold brigands
  A gnoll sergeant (D:8)
  A scorpion (D:4)
  9 bullfrogs
  A necrophage (D:6)
  12 killer bees
  Dowan (D:4)
  4 electric eels
  2 howler monkeys (D:7)
  2 gnoll boudas
  3 hounds
  3 orc priests
  3 jellies
  3 iguanas
  Natasha (D:4)
  11 orc wizards
  12 gnolls
  7 adders
  2 shadow imps
  2 white imps
  An ufetubus (D:7)
  3 worms
  30 orcs
  2 bats
  6 endoplasms
  4 giant cockroaches
  9 goblins
  4 hobgoblins
  8 jackals
  2 quokkas
  5 ball pythons
  8 frilled lizards
  9 kobolds
  7 rats
291 creatures vanquished.

Vanquished Creatures (others)
  4 fungi
  22 plants
26 creatures vanquished.

Grand Total: 317 creatures vanquished

Notes
Turn   | Place    | Note
-------+----------+-------------------------------------------
     0 | D:1      | MisterFreud the Felid Berserker began the quest for the
                  | Orb.
     0 | D:1      | Reached XP level 1. HP: 10/10 MP: 2/2
    24 | D:1      | Found a faded altar of an unknown god.
    77 | D:1      | Reached skill level 1 in Stealth
   206 | D:1      | Reached XP level 2. HP: 14/14 MP: 3/3
   565 | D:1      | Reached skill level 2 in Stealth
   749 | D:1      | Identified a scroll of acquirement
   749 | D:1      | Acquired a manual of Stealth
   867 | D:2      | Reached skill level 3 in Stealth
  1090 | D:2      | Reached ** piety under Trog
  1091 | D:2      | Reached XP level 3. HP: 17/17 MP: 4/4
  1195 | D:2      | Reached skill level 4 in Stealth
  1527 | D:2      | Identified the +5 falchion of Kosiops {venom, rPois rN+
                  | rCorr}
  2019 | D:3      | Found a large runed translucent door.
  2023 | D:3      | Found a large runed translucent door.
  2048 | D:3      | Found a stormy altar of Qazlal.
  2177 | D:3      | Reached XP level 4. HP: 21/21 MP: 5/5
  2213 | D:3      | Reached skill level 5 in Stealth
  2468 | D:3      | Reached skill level 6 in Stealth
  2681 | D:3      | Reached XP level 5. HP: 24/24 MP: 6/6
  2930 | D:3      | Reached skill level 5 in Unarmed Combat
  3350 | D:3      | Found a bloodstained altar of Trog.
  3363 | D:3      | Found a white marble altar of Elyvilon.
  3495 | D:4      | HP: 1/24 [white imp/puff of frost (7)]
  3497 | D:4      | Killed from afar by a white imp
  3498 | D:4      | Reached XP level 4. HP: -6/21 MP: 5/5
  3501 | D:4      | Noticed Edmund
  3509 | D:4      | Killed Edmund
  3510 | D:4      | Reached XP level 5. HP: 22/24 MP: 6/6
  3690 | D:4      | Noticed a lemure
  3691 | D:4      | Noticed a lemure
  3695 | D:4      | Noticed a lemure
  3695 | D:4      | Noticed Pikel
  3726 | D:4      | Killed Pikel
  3727 | D:4      | Gained mutation: You are covered in thick fur. (AC +2)
                  | [Felid growth]
  3727 | D:4      | Reached XP level 6. HP: 28/28 MP: 7/7
  3727 | D:4      | Reached XP level 7. HP: 31/31 MP: 8/8
  3965 | D:4      | Found a staircase to the Ecumenical Temple.
  3972 | D:4      | Noticed Natasha
  3984 | D:4      | Killed Natasha
  3994 | D:5      | Entered Level 5 of the Dungeon
  4073 | D:4      | Reached skill level 10 in Dodging
  4193 | D:4      | Noticed Dowan
  4199 | D:4      | Noticed Duvessa
  4204 | D:4      | Killed Dowan
  4208 | D:4      | Killed Duvessa
  4209 | D:4      | Reached XP level 8. HP: 34/34 MP: 9/9
  4373 | D:5      | Noticed Grinder
  4379 | D:5      | Reached *** piety under Trog
  4394 | D:5      | Killed Grinder
  4395 | D:5      | Reached skill level 7 in Stealth
  4404 | D:5      | Reached skill level 8 in Stealth
  4404 | D:5      | HP: 1/54 [poisoned by a water moccasin]
  4405 | D:5      | Succumbed to a water moccasin's poison
  4406 | D:5      | Reached XP level 7. HP: -2/48 MP: 8/8
  4843 | D:5      | Reached skill level 9 in Stealth
  5096 | D:5      | Found a runed translucent gate.
  5097 | D:5      | Found a runed translucent gate.
  5098 | D:5      | Found a runed translucent gate.
  5099 | D:5      | Noticed gargbit's ghost (novice OpFi)
  5452 | D:6      | Found an iron altar of Okawaru.
  5550 | D:6      | Reached XP level 8. HP: 36/36 MP: 9/9
  5620 | D:6      | Noticed Sigmund
  5626 | D:6      | Killed Sigmund
  5724 | D:6      | Reached skill level 10 in Stealth
  5740 | D:6      | Reached skill level 5 in Fighting
  5752 | D:6      | Found Tielligu's Assorted Antiques.
  5760 | D:6      | Bought a scroll of fear for 84 gold pieces
  5760 | D:6      | Bought an inky potion for 18 gold pieces
  5760 | D:6      | Bought a bone wand for 84 gold pieces
  5760 | D:6      | Bought a puce potion for 18 gold pieces
  5984 | D:6      | Found a snail-covered altar of Cheibriados.
  6392 | D:7      | Found a hazy altar of Hepliaklqana.
  6404 | D:7      | Found an ornate altar of the Wu Jian Council.
  6800 | D:7      | Reached XP level 9. HP: 40/40 MP: 10/10
  7130 | D:7      | Identified the +11 sling of the Thirsty Beasts {speed,
                  | Dex+5}
  8871 | D:8      | Found a glowing golden altar of the Shining One.
  8937 | D:8      | Reached **** piety under Trog
  9079 | D:8      | Noticed Maggie
  9086 | D:8      | Killed Maggie
  9109 | D:8      | Noticed Maurice
  9114 | D:8      | Killed Maurice
  9197 | D:8      | Reached XP level 10. HP: 47/47 MP: 11/11
  9973 | D:9      | Noticed a two-headed ogre
  9983 | D:9      | Killed a two-headed ogre
  9984 | D:9      | Reached skill level 10 in Unarmed Combat
 10162 | D:9      | Found a blossoming altar of Fedhas.
 10282 | D:9      | Reached skill level 5 in Evocations
 10378 | D:9      | HP: 2/48 [yak (15)]
 10645 | D:9      | Reached skill level 11 in Stealth
 10835 | D:9      | Found a sparkling altar of Nemelex Xobeh.
 10835 | D:9      | Found a glowing silver altar of Zin.
 11073 | D:10     | Entered Level 10 of the Dungeon
 11205 | D:10     | You fall into a shaft and drop 3 floors!
 11319 | D:12     | Reached skill level 12 in Stealth
 11319 | D:12     | Reached XP level 11. HP: 52/52 MP: 12/12
 11701 | D:12     | Noticed a six-headed hydra
 11708 | D:12     | Killed a six-headed hydra
 11896 | D:12     | Noticed a white ugly thing
 11906 | D:12     | Killed a white ugly thing
 12193 | D:12     | Found a staircase to the Orcish Mines.
 12222 | D:12     | Reached skill level 10 in Fighting
 12342 | D:11     | Noticed Grum
 12419 | D:10     | Noticed Nergalle
 12422 | D:10     | Killed Nergalle
 12878 | D:10     | Found a hide-covered altar of Uskayaw.
 13360 | D:11     | Found Yraeh's Assorted Antiques.
 13367 | D:11     | Found Ceiphi Jigu's Antique Armour Shoppe.
 13403 | D:11     | Found Nostrahes's General Store.
 13407 | D:11     | Bought a scroll of fear for 108 gold pieces
 13407 | D:11     | Bought a scroll of fear for 108 gold pieces
 13411 | D:11     | Bought a scroll of identify for 26 gold pieces
 13529 | D:11     | Killed Grum
 14072 | D:11     | Found a staircase to the Lair.
 14504 | Lair:1   | Entered Level 1 of the Lair of Beasts
 14614 | Lair:1   | Noticed a six-headed hydra
 14624 | Lair:1   | Slain by a cane toad
 14625 | Lair:1   | Reached XP level 10. HP: -2/51 MP: 11/11
 14692 | Lair:1   | Reached skill level 13 in Stealth
 14840 | Lair:1   | Killed a cane toad
 14841 | Lair:1   | Reached XP level 11. HP: 55/55 MP: 12/12
 15673 | Lair:2   | Found a staircase to the Swamp.
 15718 | Lair:2   | Found a transporter.
 15727 | Lair:2   | Noticed Skuilla's ghost (journeyman MiBe)
 15738 | Lair:2   | Reached skill level 14 in Stealth
 15758 | Lair:2   | Found a transporter.
 15990 | Lair:1   | Killed a six-headed hydra
 16246 | Lair:2   | Reached skill level 15 in Stealth
 16264 | Lair:2   | Reached ***** piety under Trog
 16742 | Lair:2   | You fall into a shaft and drop 2 floors!
 16861 | Lair:2   | Noticed a six-headed hydra
 17370 | Lair:2   | Noticed a lindwurm
 17381 | Lair:2   | Killed a lindwurm
 17383 | Lair:2   | HP: 1/85 [komodo dragon (25)]
 17391 | Lair:2   | Mangled by a komodo dragon

Illustrated notes

Levels and vault maps discovered:
D:1:      nicolae_arrival_memento_mori, layout_basic,
          hellmonk_ecumenical_altar_heavens_door
D:2:      layout_basic, serial_corexii_hall, corexii_hall_statues_i,
          corexii_hall_statues_u
D:3:      layout_basic, nicolae_qazlal_scattered_showers, jmf_multi_god_temple2
D:4:      layout_loops_cross, minmay_temple_entry_enclosed_plants, uniq_pikel,
          uniq_duvessa, uniq_edmund, uniq_natasha
D:5:      layout_loops_cross, biasface_ghost_orc_armoury, uniq_grinder
D:6:      layout_loops_ring, cheibrodos_worm_habitat, okawaru_trees_2,
          serial_shops, nicolae_shop_stone, nrook_campfire,
          hangedman_decor_lopped, uniq_sigmund
D:7:      layout_layer_cave, nzn_hepliaklqana_mist_gate,
          pdpol_wu_jian_five_deadly_venoms
D:8:      layout_basic, nicolae_tso_carved_into_rock, uniq_maurice, uniq_maggie
D:9:      argonaut_augean_stables, layout_rooms, mainiacjoe_overflow_alcove_4,
          grunt_temple_overflow_open
D:10:     layout_irregular_city, kennysheep_little_box, uniq_nergalle
D:11:     layout_loops_ring, david_lair_shrubbed, nicolae_wooded_promenade,
          uniq_grum
D:12:     layout_big_octagon, orc_0_dummy
D:13:     layout_gridville, uniq_josephine
Lair:1:   layout_roguey, small_statue_intersection, grunt_megastairs_1
Lair:2:   cheibrodos_lair_overgrown_chateau, layout_misc_corridors,
          swamp_mist_pool, nzn_ghost_randoct, minivault_19
Lair:3:   layout_cave_shapes, guppyfry_snake_entry_island, serial_bayou_shore_a,
          grunt_megastairs_5, uniq_gastronok
Lair:4:   layout_roguey, minmay_lair_drake_nest, infiniplex_staircase_pool

Skill      XL: |  1  2  3  4  5  6  7  8  9 10 11 |
---------------+----------------------------------+-----
Stealth        | 1 3 4 6 9 10 13 15 | 15.0
Unarmed Combat | 4 6 5 7 9 10 12 | 12.0
Dodging        | 8 10 11 12 | 12.2
Fighting       | 5 7 8 12 | 12.0
Evocations     | 5 8 |  8.6

Action                   |  1- 3 |  4- 6 |  7- 9 | 10-12 || total
-------------------------+-------+-------+-------+-------++-------
Melee: Unarmed           |    80 |    89 |   264 |   453 ||   886
       Bite              |     9 |    12 |    29 |    66 ||   116
       Punch             |     2 |     1 |     9 |    30 ||    42
Invok: Berserk           |       |     3 |     7 |    17 ||    27
       Trog's Hand       |       |       |       |     5 ||     5
Evoke: Wand              |       |       |       |     6 ||     6
  Use: Scroll            |     9 |       |    11 |     9 ||    29
       Potion            |       |       |       |     2 ||     2
 Stab: Sleeping          |     7 |     9 |    18 |    21 ||    55
       Distracted        |       |     2 |       |     3 ||     5
Armor: Skin              |     2 |     1 |     4 |    13 ||    20
Dodge: Dodged            |    46 |    38 |   232 |   422 ||   738
Block: Other             |       |     4 |    39 |    36 ||    79
       Reflection        |       |       |     1 |     1 ||     2
